[Event "Early-Titled-Tuesday-Blitz-January-16-2024"]
[Site "Chess.com"]
[Date "2024.01.16"]
[Round "3"]
[White "vladislavkovalev"]
[Black "Alexei_Gubajdullin"]
[Result "1-0"]
[WhiteElo "2886"]
[BlackElo "2635"]
[TimeControl "180+1"]
[EndTime "8:30:15 PST"]
[Termination "vladislavkovalev won on time"]

1. e4 e5 2. Nf3 Nf6 3. Nxe5 d6 4. Nf3 Nxe4 5. d4 d5 6. Bd3 Nc6 7. O-O Be7 8. Re1 Nf6 9. h3 O-O 10. c3 Nd7 11. Nbd2 Re8 12. Nf1 Bf6 13. Rxe8+ Qxe8 14. Bf4 Qd8 15. Ne3 Nf8 16. Ng4 Be7 17. Qd2 Ng6 18.
Re1 Bxg4 19. hxg4 Nxf4 20. Qxf4 g6 21. g5 a6 22. g3 Qd7 23. Kg2 Qd6 24. Qh4 h5 25. g4 Qf4 26. gxh5 Qxh4 27. Nxh4 gxh5 28. f4 Kf8 29. Kf3 Re8 30. Nf5 Bd6 31. Rxe8+ Kxe8 32. Nxd6+ cxd6 33. Kg3 Ne7 34. f5 f6 35. Kh4 Kf7 36.
g6+ Kg7 37. Kxh5 Nc6 38. Kg4 Na5 39. Kf4 Kg8 40. Be2 Nc6 41. Bf3 Ne7 42. Be2 a5 43.
Bd3 b6 44. Ke3 Kg7 45. Kd2 Nc6 46. Kc2 Na7 47. Be2 Kg8 48. Bf3 Kg7 49. Bxd5 Nb5 50.
a4 Nc7 51. Bf7 Na6 52. Kb3 Nc7 53. Kc4 Kf8 54. b4 Kg7 55. b5 Kf8 56. Kd3 Na8 57. c4 Kg7 58. c5 dxc5 59. dxc5 bxc5 60. Kc4 Nb6+ 61. Kxc5 Nxa4+ 62. Kc6 Kf8 63. Bb3 1-0

[Event "Early-Titled-Tuesday-Blitz-January-16-2024"]
[Site "Chess.com"]
[Date "2024.01.16"]
[Round "3"]
[White "dcremisi"]
[Black "TrahtarBelarus"]
[Result "1/2-1/2"]
[WhiteElo "2682"]
[BlackElo "2890"]
[TimeControl "180+1"]
[EndTime "8:30:16 PST"]
[Termination "Game drawn - insufficient material"]

1. Nf3 Nf6 2. c4 g6 3. Nc3 Bg7 4. d4 d5 5. cxd5 Nxd5 6. g3 Nxc3 7. bxc3 O-O 8. Bg2 c5 9. O-O Nc6 10. Bb2 e5 11. dxe5 Nxe5 12. Nxe5 Bxe5 13. Qxd8 Rxd8 14. Rfd1 Bg4 15. f3 Be6 16. f4 Bg7 17. a4 a5 18. Kf2 Bb3 19. Rxd8+ Rxd8 20. Ke1 b6 21. Bc6 f5 22. Bb5 Kf7 23. h4 c4 24. Rc1 Bf8 25. Ra1 Bc5 26. Ba3 Be3 27. Kf1 Rd2 28. Kg2 Rc2 29. Rd1 Rxe2+ 30. Kf3 Rd2 31. Re1 Bc5 32. Bxc5 bxc5 33. Re5 Rd3+ 34. Re3 Rd5 35. Re5 Rxe5 36.
fxe5 Ke6 37. Kf4 h6 38. Bc6 Bc2 39. Bb5 Bd3 40. Ba6 g5+ 41. hxg5 hxg5+ 42. Kxg5 Kxe5 43. Bb5 Bc2 44. Bd7 Bd3 45. Bc8 Be4 46. Bd7 Bc2 47.
Bb5 Ke4 48. Bxc4 Bxa4 49. Be6 Kd3 50. Kxf5 Kxc3 51. g4 Kd4 52. Kf4 Bc2 53. Bf5 Bxf5 54. gxf5 Kd5 55. Kg5 a4 56. f6 Ke6 57. Kg6 a3 58. f7 a2 59. f8=Q a1=Q 60. Qxc5 Qf6+ 61. Kh7 Qf5+ 62. Qxf5+ Kxf5 1/2-1/2

[Event "Early-Titled-Tuesday-Blitz-January-16-2024"]
[Site "Chess.com"]
[Date "2024.01.16"]
[Round "3"]
[White "SpongeBob_03"]
[Black "valik3504"]
[Result "0-1"]
[WhiteElo "2202"]
[BlackElo "2550"]
[TimeControl "180+1"]
[EndTime "8:30:20 PST"]
[Termination "valik3504 won by checkmate"]

1. e4 c5 2. Nf3 e6 3. c4 Nc6 4. Nc3 Nf6 5. d4 cxd4 6. Nxd4 Bb4 7. Nxc6 bxc6 8. Bd3 e5 9. Bd2 O-O 10. a3 Bc5 11.
Na4 Bd4 12. Bc3 d6 13. O-O Be6 14. Qe2 Nd7 15. Bxd4 exd4 16. f4 f6 17. b4 a5 18.
c5 axb4 19. axb4 dxc5 20. bxc5 Ra5 21. Bc4 Qe7 22. f5 Bf7 23. Bxf7+ Qxf7 24. Qd3 Nxc5 25. Nxc5 Rxc5 26. Qxd4 Re5 27. Rac1 Rc8 28. Rc5 Qe7 29. Qc4+ Qf7 30. Rc1 Qxc4 31. R1xc4 Rxc5 32. Rxc5 Kf7 33. Kf2 Ke7 34. Kf3 Kd6 35. Rc1 c5 36. Kf4 c4 37.
g4 Kc5 38. g5 Re8 39. gxf6 gxf6 40. Ke3 Kb4 41. Kd4 Rd8+ 42. Ke3 c3 43. Rb1+ Kc4 44.
Rb7 c2 45. Rc7+ Kb3 46. Rb7+ Ka2 47. Ra7+ Kb2 48. Rb7+ Kc1 49. Rc7 Kd1 50. Rxc2 Kxc2 51. e5 Rd5 52. exf6 Rxf5 53. f7 Rxf7 54. Ke4 Ra7 55.
Ke5 Kc3 56. Kf6 Kc4 57. Kg5 Kd5 58. Kh6 Ke5 59. h4 Kf4 60. h5 Ra5 61. Kxh7 Rxh5+ 62. Kg6 Re5 63. Kh6 Rg5 64. Kh7 Kf5 65. Kh6 Kf6 66.
Kh7 Kf7 67. Kh8 Rh5# 0-1

[Event "Early-Titled-Tuesday-Blitz-January-16-2024"]
[Site "Chess.com"]
[Date "2024.01.16"]
[Round "3"]
[White "HamedWafa4"]
[Black "YouJustFoundYourGodfather"]
[Result "1-0"]
[WhiteElo "2859"]
[BlackElo "2588"]
[TimeControl "180+1"]
[EndTime "8:30:21 PST"]
[Termination "HamedWafa4 won by resignation"]

1. e4 d5 2. exd5 Qxd5 3. Nf3 Nf6 4. d4 g6 5. Nc3 Qd6 6. Ne5 Nc6 7. Bb5 Nd7 8. Bf4 Nxd4 9. O-O c6 10. Ne4 Qd5 11. Nc3 Qd6 12. Nd3 Qe6 13. Re1 Qf5 14. Bc4 Bg7 15. Bg3 O-O 16. Rxe7 Nb6 17. Bb3 c5 18. a3 c4 19. Ba2 cxd3 20. cxd3 Be6 21.
Rxb7 Bxa2 22. Nxa2 Rfe8 23. Nc3 Rac8 24. Rxa7 Nd5 25.
Ne4 Nf4 26. Nd6 Nfe2+ 27. Kh1 Nxg3+ 28. fxg3 Qc5 29. Nxc8 Rxc8 30. Ra4 Qb5 31. b4 Nc2 32. Ra5 Qb6 33. Rc1 Qe3 34. Rc5 Rxc5 35. bxc5 Nxa3 36. c6 Nb5 37. c7 Nxc7 38. Rxc7 Be5 39. Rc2 Kg7 40. Re2 Qd4 41. Re4 Qd5 42. Re3 Bf6 43. Rf3 h5 44. Qe2 Qd6 45. h3 h4 46. gxh4 Bxh4 47. Qe4 Bf6 48. Qe2 Qc6 49. g3 Bd4 50. Kg2 Qd6 51. Qe4 Qd7 52. Qf4 Kg8 53. h4 Kg7 54.
Rf1 Kg8 55. Re1 Kg7 56. Re4 Bf6 57. d4 Qd5 58. Kh3 Qd7+ 59. Qg4 Qb5 60. Rf4 Qb1 61. Qf3 Qb6 62. d5 Qd6 63. h5 Qd7+ 64. Qg4 Be5 65. Qxd7 1-0

[Event "Early-Titled-Tuesday-Blitz-January-16-2024"]
[Site "Chess.com"]
[Date "2024.01.16"]
[Round "3"]
[White "wild3000"]
[Black "balakannamma96"]
[Result "0-1"]
[WhiteElo "2388"]
[BlackElo "2312"]
[TimeControl "180+1"]
[EndTime "8:30:21 PST"]
[Termination "balakannamma96 won by checkmate"]

1. d4 Nf6 2. Nf3 e6 3. e3 b6 4. Be2 Bb7 5. O-O Be7 6. a4 O-O 7.
a5 Qc8 8. c4 Nc6 9. Bd2 Nxa5 10.
Bxa5 bxa5 11. Rxa5 a6 12. Nc3 c5 13. d5 exd5 14.
cxd5 d6 15. e4 Qc7 16. Ra2 Rfe8 17. Re1 Bf8 18. Bc4 g6 19. Qd3 Nd7 20. Bxa6 Bg7 21. Bxb7 Qxb7 22. Rea1 Rxa2 23. Rxa2 Qb3 24. Ra7 Qxb2 25.
Rxd7 Bxc3 26. h4 Qa1+ 27. Kh2 Be5+ 28. g3 Kg7 29. Kg2 h6 30. Qb5 Ra8 31. Qb7 Rf8 32. Re7 Bf6 33. Rd7 Qa4 34. Rxd6 Qxe4 35. Rd7 c4 36. d6 Qxb7 37. Rxb7 Rd8 38. d7 c3 39. Ne1 Kf8 40. Nd3 Ke7 41. Kf3 Rxd7 42.
Rxd7+ Kxd7 43. Nb4 Kd6 44. Ke2 Kc5 45. Nc2 Kc4 46. Ne3+ Kd4 47. Nc2+ Ke4 48. f3+ Kd5 49. Kd3 Bg7 50. g4 Kc5 51. h5 gxh5 52. gxh5 Kd5 53.
Ne3+ Ke5 54. Kxc3 Kf4+ 55. Kd2 Kxf3 56. Nf5 Bf6 57. Nxh6 Bg5+ 58. Kd3 Bxh6 59. Kd4 Kg4 60. Ke5 Bg7+ 61. Kd6 Kxh5 62. Ke7 f5 63. Ke6 f4 64.
Kf7 f3 65. Kg8 f2 66. Kh7 f1=Q 67. Kg8 Qf8+ 68. Kh7 Qh8# 0-1

[Event "Early-Titled-Tuesday-Blitz-January-16-2024"]
[Site "Chess.com"]
[Date "2024.01.16"]
[Round "3"]
[White "DanilNajdin"]
[Black "BardArtem"]
[Result "0-1"]
[WhiteElo "2500"]
[BlackElo "2792"]
[TimeControl "180+1"]
[EndTime "8:30:22 PST"]
[Termination "BardArtem won on time"]

1. d4 d5 2. c4 e6 3. Nc3 c5 4.
cxd5 cxd4 5. Qxd4 Nc6 6. Qd1 exd5 7. Qxd5 Qc7 8. Nf3 Be6 9. Qb5 O-O-O 10. Be3 Nf6 11. g3 Nd5 12. Bg2 Nxe3 13. fxe3 a6 14. Qa4 Qb6 15. O-O Qxe3+ 16. Kh1 Kb8 17. Rac1 Qb6 18.
Ng5 Rd4 19. Qc2 Nb4 20. Qb1 Be7 21. Nxf7 Rf8 22. Ne5 Rxf1+ 23. Rxf1 Bf6 24. Nf3 Rd8 25. Qe4 Nxa2 26. Na4 Qb4 27. Qxe6 Qxa4 28. Qb6 Qb5 29. Qe6 Nb4 30. e4 Nd3 31. Qf7 Qc5 32. h3 Nf2+ 33.
Kh2 Nxe4 34. Nh4 Rd2 35. Qe8+ Ka7 36. Qxe4 Rxb2 37. Nf5 Rb4 38. Qd5 Qxd5 39. Bxd5 Rb2+ 40. Kg1 g6 41. Nh4 Bd4+ 42. Kh1 b5 43. Ng2 a5 44. Rf7+ Kb6 45. h4 a4 46. Rxh7 a3 47.
Rb7+ Kc5 48. Bf7 a2 49. Bxa2 Rxa2 50. Nf4 b4 51. Nxg6 Kc4 52. h5 b3 53. h6 Ra6 54.
Rc7+ Kd3 55. Rg7 Ra1+ 56. Kg2 Bxg7 57. hxg7 Ra8 58. Nf8 b2 0-1

[Event "Early-Titled-Tuesday-Blitz-January-16-2024"]
[Site "Chess.com"]
[Date "2024.01.16"]
[Round "3"]
[White "anasta10"]
[Black "Niilo1"]
[Result "1-0"]
[WhiteElo "2503"]
[BlackElo "2273"]
[TimeControl "180+1"]
[EndTime "8:30:22 PST"]
[Termination "anasta10 won by checkmate"]

1. c4 c5 2. g3 Nf6 3. Bg2 d5 4.
cxd5 Nxd5 5. Nf3 Nc6 6. O-O e5 7. Nc3 Nc7 8. d3 Be7 9. Be3 O-O 10. Rc1 Bd7 11. Ne4 b6 12. a3 f5 13. Nc3 Rc8 14. Ne1 f4 15. Bd2 Kh8 16. Nc2 Ne6 17. Nd5 Ned4 18.
Nxd4 Nxd4 19. e3 f3 20. exd4 fxg2 21. Re1 cxd4 22. Rxc8 Bxc8 23. Nxe7 Qxe7 24. Bb4 Qf6 25. Bxf8 Qxf8 26. Rxe5 h6 27. Qe1 Bd7 28. Re7 Bb5 29. Qe5 a6 30. Rb7 Kh7 31. Qe4+ Kh8 32. Qf4 Qxf4 33.
gxf4 Bxd3 34. Rd7 Bf1 35. Rxd4 a5 36. Rd6 b5 37. f5 Kg8 38. f6 gxf6 39. Rxf6 Kg7 40. Rb6 a4 41. h3 Kh7 42. f4 Kg7 43. h4 Kh7 44. h5 Kg7 45. Kf2 Kh7 46. Rb7+ Kg8 47. Ra7 Kh8 48. f5 Kg8 49. f6 Kh8 50. Rg7 b4 51. Rg3 bxa3 52. bxa3 Bc4 53. Kxg2 Bf7 54. Kf2 Bxh5 55. Ke3 Be8 56. Kf4 h5 57. Kg5 h4 58. Kxh4 Bf7 59. Kg5 Bd5 60. Kh6 Bg8 61. Rc3 Bf7 62. Rc7 Bg8 63. f7 Bh7 64.
f8=Q+ Bg8 65. Qg7# 1-0

[Event "Early-Titled-Tuesday-Blitz-January-16-2024"]
[Site "Chess.com"]
[Date "2024.01.16"]
[Round "3"]
[White "Oleksandr_Bortnyk"]
[Black "krzyzan94"]
[Result "0-1"]
[WhiteElo "3094"]
[BlackElo "2813"]
[TimeControl "180+1"]
[EndTime "8:30:26 PST"]
[Termination "krzyzan94 won by resignation"]

1. e4 e5 2. Bc4 Nf6 3. d3 Nc6 4. Nc3 Na5 5. f4 Nxc4 6. dxc4 Bb4 7. Qf3 d6 8. fxe5 dxe5 9. Bg5 h6 10. Rd1 Qe7 11.
Bxf6 Qxf6 12. Ne2 Qxf3 13. gxf3 Be6 14. b3 c6 15. Kf2 Ke7 16. h4 Rad8 17. Rxd8 Rxd8 18.
Rd1 Rh8 19. Rd3 g5 20. h5 Rg8 21. Nd1 g4 22. Ne3 Bc5 23. Ng3 a5 24. a4 Rg5 25. c3 f5 26. exf5 Bxf5 27. Rd2 gxf3 28. Nxf5+ Rxf5 29. b4 axb4 30. cxb4 Bxe3+ 31. Kxe3 Rxh5 32.
Kxf3 Rh4 33. Rc2 Rf4+ 34. Ke3 h5 35. a5 h4 36. b5 Kd6 37. c5+ Kd5 38. a6 bxa6 39.
b6 Rb4 40. Kd3 h3 41. Rc1 Rb3+ 42. Kc2 Rb5 43. Kd3 h2 44. Rh1 Kxc5 45. b7 Rxb7 46. Rxh2 Rb4 47. Ra2 e4+ 48. Kc3 Kb5 49. Rh2 a5 50.
Rh5+ c5 51. Rh8 Rc4+ 52. Kb3 a4+ 53. Kb2 Rb4+ 54. Kc2 Kc4 55. Re8 Kd4 56. Rd8+ Ke3 57. Rh8 a3 58. Rh3+ Kf2 59. Rxa3 e3 60. Ra8 Rc4+ 61.
Kd3 Rd4+ 62. Kc2 e2 63. Rf8+ Ke1 64. Rh8 Rc4+ 65. Kd3 Rd4+ 66. Kc2 Rd6 67. Rh1+ Kf2 68. Rh2+ Kf3 69. Rh1 Kg2 70. Rh8 e1=Q 0-1

[Event "Early-Titled-Tuesday-Blitz-January-16-2024"]
[Site "Chess.com"]
[Date "2024.01.16"]
[Round "3"]
[White "GodDMuhammad"]
[Black "brm72"]
[Result "0-1"]
[WhiteElo "2366"]
[BlackElo "2707"]
[TimeControl "180+1"]
[EndTime "8:30:30 PST"]
[Termination "brm72 won by resignation"]

1. f4 Nf6 2. Nf3 g6 3. d3 d5 4. g3 Bg7 5. Bg2 O-O 6. c3 c5 7.
Nbd2 Nc6 8. e4 dxe4 9. dxe4 e5 10. f5 gxf5 11. exf5 Bxf5 12. Nh4 Bg6 13. O-O Qd7 14.
Qe1 Rae8 15. Ndf3 e4 16. Ng5 Ne5 17. Be3 Nd3 18. Qd2 b6 19. Rad1 c4 20. Bd4 Nd5 21.
Bxg7 Kxg7 22. Bh3 Qc7 23. Nf5+ Kh8 24. Nd4 e3 25. Qe2 Qe5 26. Ngf3 Qh5 27. Bg2 Nf2 28. Qxc4 Nxd1 29. Rxd1 Nf6 30. Ne2 Rd8 31. Re1 Be4 32. Nf4 Qc5 33. Qxc5 bxc5 34. Rxe3 Bxf3 35. Bxf3 Rd2 36.
Re2 Rfd8 37. Kf2 Rxe2+ 38. Kxe2 Kg7 39. b3 Nd7 40. c4 Ne5 41. Bd5 Re8 42. Kd2 Ng4 43.
h3 Ne3 44. g4 Nf1+ 45. Kc2 Ne3+ 46. Kd3 Nd1 47. Nh5+ Kg6 48. Ng3 Nf2+ 49. Kc3 Nxh3 50. Nf5 Nf2 51. Nd6 Re7 52. Nb7 Rc7 53. Nd6 Nxg4 54.
Kd3 h5 55. Ke4 Nf6+ 56. Ke5 Nxd5 57. cxd5 Re7+ 58. Kf4 Rd7 59. Ke5 h4 60. Ne4 h3 61.
Nxc5 Re7+ 62. Kd6 Re3 63. Kc7 h2 64. d6 h1=Q 65. d7 Qh2+ 66. Kc8 Qd6 67. d8=Q Qxc5+ 68. Kb7 Qb6+ 69. Qxb6+ axb6 70. Kxb6 f5 71. b4 f4 72. a4 f3 73. a5 f2 74. a6 f1=Q 75. a7 Qf6+ 76.
Ka5 Ra3+ 77. Kb5 Qa6+ 78. Kc5 Qxa7+ 0-1

[Event "Early-Titled-Tuesday-Blitz-January-16-2024"]
[Site "Chess.com"]
[Date "2024.01.16"]
[Round "3"]
[White "andrzej"]
[Black "DraningWaterHi"]
[Result "0-1"]
[WhiteElo "2388"]
[BlackElo "2146"]
[TimeControl "180+1"]
[EndTime "8:30:32 PST"]
[Termination "DraningWaterHi won by checkmate"]

1. e4 e5 2. Nf3 Nc6 3. Bb5 a6 4. Ba4 b5 5. Bb3 Nf6 6. O-O Be7 7. Re1 O-O 8. a4 b4 9. d4 d6 10. dxe5 dxe5 11. Nbd2 Bg4 12. h3 Bc8 13. Bc4 Bb7 14.
Qe2 Nd4 15. Nxd4 Qxd4 16. Bd3 Bd6 17. Nb3 Qb6 18. Be3 c5 19. a5 Qc6 20. Bg5 Ne8 21. Bc4 Kh8 22. Rad1 f6 23. Bc1 Be7 24. Rd3 Nd6 25. Bd5 Qb5 26. Bxb7 Nxb7 27. Rd5 Nxa5 28. Qxb5 axb5 29. Nxc5 Rfd8 30. Ne6 Rxd5 31. exd5 Nc4 32. b3 Nb6 33. Rd1 Bd6 34. Be3 Nd7 35. g4 Ra2 36.
Rd2 Kg8 37. Nd8 Bc5 38. Bxc5 Nxc5 39. d6 Ra7 40. Nc6 Rd7 41. Nxb4 Ne4 42. Rd5 Rxd6 43. Rxb5 Nc3 44. Rb7 Rd2 45. Rc7 Ne4 46. Nd3 Rd1+ 47. Kg2 Rb1 48. Nc5 Nd6 49. Ne6 g6 50. Rd7 Ne4 51. f3 Nc3 52. Kf2 Rc1 53. Rd2 e4 54. Ke3 exf3 55. Kxf3 Nb1 56. Nd4 Nxd2+ 57. Ke2 Ne4 58. c4 Rc3 59. b4 Rxc4 60. Kd3 Nd6 61.
Nb5 Rxb4 62. Nxd6 Rb3+ 63. Ke4 Rxh3 64. Kd5 Rd3+ 65. Ke6 Rxd6+ 66. Kxd6 Kg7 67. Ke6 h5 68. g5 fxg5 69. Ke5 h4 70. Ke4 g4 71. Kf4 h3 72.
Kg3 Kh6 73. Kh2 Kg5 74. Kg3 Kf5 75. Kh2 Kf4 76. Kg1 Kf3 77. Kh2 Kf2 78. Kh1 h2 79. Kxh2 g3+ 80. Kh3 g2 81. Kh4 g1=Q 82. Kh3 Qg3# 0-1

[Event "Early-Titled-Tuesday-Blitz-January-16-2024"]
[Site "Chess.com"]
[Date "2024.01.16"]
[Round "3"]
[White "Chempiblinka"]
[Black "chess_blitz00"]
[Result "1-0"]
[WhiteElo "2268"]
[BlackElo "2476"]
[TimeControl "180+1"]
[EndTime "8:30:33 PST"]
[Termination "Chempiblinka won on time"]

1. Nf3 d6 2. g3 c5 3. Bg2 Nc6 4. O-O Bd7 5. c4 Qc8 6. Re1 h5 7. h4 Bh3 8. Bh1 Bg4 9. d3 Qd7 10. a3 e5 11. Nc3 Be7 12. Nd5 Bd8 13. b4 Nge7 14. Bg5 Nxd5 15. cxd5 Nd4 16. bxc5 Bxg5 17. hxg5 Bxf3 18. exf3 h4 19. Bg2 h3 20. cxd6 hxg2 21.
Rxe5+ Kf8 22. g4 Nxf3+ 23. Qxf3 Qxd6 24. Rae1 Rh1+ 25. Kxg2 Rxe1 26. Rxe1 Rd8 27. Rc1 Qxd5 28. Qxd5 Rxd5 29. Rc7 Rxd3 30. Rxb7 Rxa3 31. f3 g6 32. Kg3 a5 33. Ra7 a4 34. Kf4 Kg7 35.
Ra6 Ra1 36. Ra7 a3 37. Ra6 Kf8 38. Ra8+ Ke7 39. Ra4 Ke6 40. Ra7 a2 41. Ra8 Kd5 42. Rd8+ Kc4 43. Rc8+ Kd3 44. Rd8+ Ke2 45. Ra8 Kf1 46. Ra3 Kg1 47. Ra4 Kf2 48. Ra7 Ke1 49. Ke5 Ke2 50. Kf6 Kxf3 51. Kxf7 Kxg4 52. Kxg6 Kg3 53.
Ra4 Kh3 54. Kg7 Kg3 55. g6 Kf3 56. Ra3+ Ke2 57. Kg8 Kd2 58. g7 Kc2 59. Ra8 Kb2 60. Rb8+ Kc2 61. Ra8 Kb2 62. Rb8+ Kc3 63. Ra8 Kb3 64.
Rb8+ Kc3 65. Ra8 Kb3 66. Kf8 Rf1+ 67. Ke8 Re1+ 68. Kf7 Rf1+ 69. Ke6 Re1+ 70. Kf6 Rf1+ 71. Ke5 Re1+ 72. Kf5 Rg1 73. Kf6 Rg4 74. Rb8+ 1-0

[Event "Early-Titled-Tuesday-Blitz-January-16-2024"]
[Site "Chess.com"]
[Date "2024.01.16"]
[Round "3"]
[White "ilqar_74"]
[Black "Ural_bogatyr"]
[Result "1-0"]
[WhiteElo "2826"]
[BlackElo "2563"]
[TimeControl "180+1"]
[EndTime "8:30:36 PST"]
[Termination "ilqar_74 won by resignation"]

1. e4 e5 2. Nf3 Nc6 3. Bb5 a6 4. Ba4 Nf6 5. O-O Nxe4 6. Re1 Nc5 7. Bxc6 dxc6 8. Nxe5 Be7 9. d4 Ne6 10. Be3 O-O 11. c4 Re8 12. Nc3 Nf8 13. Rc1 Be6 14.
Qd3 f6 15. Nf3 Bd6 16. Rcd1 Qd7 17. c5 Bf5 18. Qc4+ Be6 19. d5 cxd5 20. Nxd5 c6 21. Nb6 Bxc4 22. Nxd7 Bc7 23. Nxf8 Kxf8 24. b3 Bd5 25. Nd4 g6 26. Nc2 a5 27. Bd4 Kf7 28.
Ne3 Be6 29. Rb1 Rad8 30. Bc3 Rd3 31. Rbc1 h5 32. h3 h4 33. Kf1 f5 34. Nc4 Bxc4 35. bxc4 Rxe1+ 36. Kxe1 Bf4 37. Rc2 a4 38. Ke2 Rd7 39.
Rb2 Bc1 40. Rb4 Ba3 41. Rxa4 Bxc5 42. Ra8 Bd4 43. Bd2 Re7+ 44. Kf1 Bf6 45. Rb8 Rd7 46. Be3 g5 47. a4 f4 48. Bb6 Re7 49. a5 Bc3 50. f3 Be1 51. Bc5 Re6 52. Rxb7+ Kg6 53. a6 Bg3 54. Bf2 Rd6 55. Bxg3 hxg3 56. a7 Rd1+ 57. Ke2 Ra1 58. c5 Kf6 59. Kd3 Ke6 60.
Kc4 Ra4+ 61. Kb3 Ra1 62. Kc4 Ra4+ 63. Kb3 Ra1 64. Rg7 Kd5 65. Rxg5+ Kd4 66. Rg7 Kxc5 67. h4 Kd4 68. h5 c5 69. h6 c4+ 70. Kc2 Ra2+ 71. Kb1 Rxg2 72. a8=Q Kc3 73. Qa3+ Kd4 74.
Rd7+ 1-0

[Event "Early-Titled-Tuesday-Blitz-January-16-2024"]
[Site "Chess.com"]
[Date "2024.01.16"]
[Round "3"]
[White "GalaxyRoman"]
[Black "HiHaruka"]
[Result "1-0"]
[WhiteElo "2872"]
[BlackElo "2524"]
[TimeControl "180+1"]
[EndTime "8:30:39 PST"]
[Termination "GalaxyRoman won by resignation"]

1. d4 f5 2. c4 Nf6 3. g3 e6 4. Bg2 Be7 5. Nc3 O-O 6. Nf3 d6 7. O-O Qe8 8. Re1 Qg6 9. Nh4 Qh5 10.
e3 Qxd1 11. Rxd1 e5 12. dxe5 dxe5 13. Nf3 e4 14. Nd4 c5 15. Ndb5 Na6 16. Nd5 Nxd5 17.
cxd5 Bd7 18. Nc3 Nb4 19. Bf1 Bf6 20. a3 Na6 21. Rb1 Nc7 22. d6 Ne6 23. Nd5 Be5 24. Bc4 Kh8 25. Nf4 Nxf4 26. exf4 Bd4 27. Be3 Bxe3 28. fxe3 Bc6 29. Bd5 Rad8 30. Bxc6 bxc6 31. Rbc1 Rf6 32. d7 Rf7 33. Rxc5 Rfxd7 34. Rxd7 Rxd7 35.
Rxf5 g6 36. Re5 Rd1+ 37. Kg2 Rd2+ 38. Kh3 Rxb2 39. Rxe4 Rb3 40. a4 c5 41. Rc4 Rb4 42. Rxc5 Rxa4 43. Rc8+ Kg7 44. Kg2 a5 45. Kf3 Rb4 46. Ra8 Rb5 47. h4 h5 48. Ra7+ Kf6 49. e4 Rb3+ 50. Kg2 Rb2+ 51. Kh3 Rb4 52. Ra6+ Kf7 53. e5 a4 54. Kg2 Rb2+ 55. Kh3 Rb4 56. Ra7+ Ke6 57. Rg7 Kf5 58. Rf7+ Ke4 59. Rf6 a3 60.
Ra6 Rb3 61. e6 Kf3 62. e7 Rb8 63. Rxa3+ Kf2 64. Ra2+ Kf3 65. Ra1 Re8 66. Re1 Kf2 67.
Re6 Kf3 68. Kh2 Kf2 69. Re5 Kf3 70. Kh3 Kf2 71. Re4 Kf3 72. Re6 Kf2 73. g4 Kf3 74.
gxh5 gxh5 75. f5 Kf2 76. f6 Rg8 77. Re2+ Kxe2 78. f7 1-0

[Event "Early-Titled-Tuesday-Blitz-January-16-2024"]
[Site "Chess.com"]
[Date "2024.01.16"]
[Round "3"]
[White "AlexandraSamaganova"]
[Black "FMVolodymyrSakun"]
[Result "1-0"]
[WhiteElo "2317"]
[BlackElo "2566"]
[TimeControl "180+1"]
[EndTime "8:30:39 PST"]
[Termination "AlexandraSamaganova won by resignation"]

1. c4 g6 2. Nc3 Bg7 3. g3 e5 4.
Bg2 Nc6 5. e3 Nge7 6. Nge2 d6 7.
O-O O-O 8. d4 a6 9. a3 Bg4 10.
h3 Bxe2 11. Nxe2 f5 12. b4 e4 13. b5 axb5 14. cxb5 Nb8 15. Qb3+ Kh8 16. Bb2 Nd7 17.
Nf4 Rf6 18. Rfc1 c6 19. bxc6 bxc6 20. a4 d5 21. Ba3 g5 22. Nh5 Rg6 23. Nxg7 Kxg7 24.
Bxe7 Qxe7 25. Qb7 Rb8 26. Qa7 Re6 27. a5 f4 28. Rab1 Rxb1 29. Rxb1 f3 30. Bf1 Qf7 31. Rb7 Re7 32. Qa6 Qe6 33. Rc7 Nb8 34. Rxe7+ Qxe7 35.
Qc8 Qa7 36. a6 Kg6 37. Qe6+ Kg7 38. Qf5 h6 39. Qc8 h5 40. Qe8 h4 41. Qh5 hxg3 42. Qxg5+ Kf7 43. Qxg3 Nxa6 44. Qf4+ Ke6 45. Qe5+ Kd7 46. h4 Nc7 47. Bh3+ Kd8 48. Qd6+ Ke8 49. Qxc6+ Ke7 50. Qd7+ Kf6 51. Qf5+ Kg7 52. h5 Qb6 53. Qg4+ Kh6 54. Qd7 Kxh5 55. Qg4+ Kh6 56. Qh4+ Kg7 57. Qg4+ Qg6 58. Kh2 Ne6 59. Qxe6 Qxe6 60. Bxe6 Kf6 61. Bxd5 Kf5 62. Bc6 Kg5 63. Bxe4 Kg4 64. Bd5 Kf5 65.
Bxf3 Kf6 66. Kg3 Kf5 67. Bg4+ Kg5 68. Kf3 Kf6 69. Kf4 Kg6 70. Be2 Kf6 71. Ke4 Ke6 72. f4 Kd6 73. Kf5 Kd5 74. Kg6 Ke4 75. f5 Kxe3 76.
f6 Kxe2 77. f7 Kd3 78. f8=Q Kxd4 79. Kf5 1-0

[Event "Early-Titled-Tuesday-Blitz-January-16-2024"]
[Site "Chess.com"]
[Date "2024.01.16"]
[Round "3"]
[White "Leebit02"]
[Black "MightyGMpretender"]
[Result "0-1"]
[WhiteElo "2560"]
[BlackElo "2842"]
[TimeControl "180+1"]
[EndTime "8:30:41 PST"]
[Termination "MightyGMpretender won on time"]

1. d4 Nf6 2. c4 g6 3. Nc3 Bg7 4. e4 O-O 5. h3 c5 6. Nf3 cxd4 7. Nxd4 Nc6 8. Be3 d6 9. Be2 Bd7 10. O-O Nxd4 11. Bxd4 Bc6 12. Qd3 Qa5 13. b3 Rfc8 14.
f4 Nd7 15. Bxg7 Kxg7 16. Bg4 e6 17. Kh1 Rd8 18. Rad1 Nf6 19. Bf3 a6 20. a4 Rac8 21. f5 Qe5 22. Rde1 Bd7 23. Bg4 b5 24. axb5 axb5 25. fxe6 bxc4 26. bxc4 fxe6 27. Be2 Bc6 28. Bf3 Rb8 29. Rb1 Ra8 30. Rfd1 Ra3 31. Rbc1 Ne8 32.
Qd4 Qxd4 33. Rxd4 Rb8 34. Bg4 Kf6 35. Rd2 Ke7 36. Bf3 Rbb3 37. Ne2 e5 38. c5 Rd3 39.
cxd6+ Kxd6 40. Rdc2 Ba4 41. Rc8 Bd7 42. R8c4 Ke7 43.
Nc3 Nf6 44. Nd5+ Nxd5 45. exd5 Bxh3 46. Be4 Bf5 47. Bxd3 Rxd3 48. Rc7+ Kf6 49. R1c6+ Kg5 50. d6 Be4 51. Rb6 Rd2 52. Rc3 Bxg2+ 53. Kg1 Be4 54.
Re3 Kf4 55. Re1 Bf5 56. Rb4+ e4 57. Rf1+ Ke5 58. Rb6 Rxd6 59. Rxd6 Kxd6 60. Kf2 Ke5 61. Ke3 h5 62. Rg1 Bg4 63. Ra1 Bf5 64. Ra5+ Kf6 65. Kf4 g5+ 66. Ke3 h4 67. Ra6+ Kg7 68. Ra5 Kg6 69. Ra6+ Kh5 70. Ra5 Kg4 71. Ra1 h3 72. Rg1+ Kh4 73. Kf2 Bg4 74. Re1 Bf3 75. Ra1 h2 0-1

[Event "Early-Titled-Tuesday-Blitz-January-16-2024"]
[Site "Chess.com"]
[Date "2024.01.16"]
[Round "3"]
[White "alexrustemov"]
[Black "rhungaski"]
[Result "1/2-1/2"]
[WhiteElo "2856"]
[BlackElo "2532"]
[TimeControl "180+1"]
[EndTime "8:30:41 PST"]
[Termination "Game drawn - insufficient material"]

1. d4 g6 2. c4 Bg7 3. Nf3 d6 4. g3 Nf6 5. Bg2 O-O 6. Nc3 Nc6 7. O-O e5 8. h3 Nd7 9. Bg5 f6 10. Be3 Ne7 11. dxe5 dxe5 12. Qc1 Nf5 13. Bd2 Nc5 14.
b4 Ne6 15. e3 c6 16. Rd1 Qc7 17. Be1 Bd7 18. Qc2 Rad8 19. Nd2 Bc8 20. Nde4 Nd6 21. Nxd6 Rxd6 22. c5 Rxd1 23. Rxd1 Rd8 24. Ne4 Rxd1 25. Qxd1 Nd8 26. Qd6 Qxd6 27. Nxd6 Be6 28. a4 Bf8 29. Ne4 Be7 30. Bc3 Kf7 31. f4 exf4 32. exf4 Bd5 33.
g4 f5 34. gxf5 gxf5 35. Ng3 Bxg2 36. Kxg2 Kg6 37. Kf3 a5 38. bxa5 Bxc5 39. Ne2 Ne6 40.
Nc1 Bd4 41. Bb4 Kh5 42. Nb3 c5 43. Be1 c4 44. Nc1 Bb2 45. Ne2 Nd4+ 46. Ke3 Nxe2 47.
Kxe2 Bc1 48. Bg3 Kg6 49. Kd1 Bb2 50. Kc2 Bd4 51. Be1 Kh5 52. Bc3 Bxc3 53. Kxc3 Kh4 54. Kxc4 Kxh3 55. Kb5 Kg4 56. Kb6 h5 57. Kxb7 h4 58.
a6 h3 59. a7 h2 60. a8=Q h1=Q+ 61. Kb8 Qh8+ 62. Ka7 Qd4+ 63. Kb8 Qxf4+ 64. Kb7 Qb4+ 65. Kc8 Qf8+ 66. Kb7 Qb4+ 67. Kc8 f4 68. a5 f3 69. a6 Qf8+ 70. Kb7 Qe7+ 71. Kb6 Qb4+ 72. Kc7 Qc4+ 73.
Kb8 f2 74. Qg2+ Kh5 75. Qxf2 Qxa6 76. Qf5+ Kh6 77. Qf4+ Kg7 78. Qg5+ Qg6 79. Qxg6+ Kxg6 1/2-1/2

[Event "Early-Titled-Tuesday-Blitz-January-16-2024"]
[Site "Chess.com"]
[Date "2024.01.16"]
[Round "3"]
[White "maciek_92"]
[Black "masterofpuppets2"]
[Result "0-1"]
[WhiteElo "2837"]
[BlackElo "2535"]
[TimeControl "180+1"]
[EndTime "8:30:44 PST"]
[Termination "masterofpuppets2 won by resignation"]

1. e4 c5 2. Nc3 Nc6 3. Bc4 g6 4. f4 Bg7 5. Nf3 e6 6. d4 cxd4 7. Nb5 d5 8. exd5 exd5 9. Be2 Qb6 10. f5 Nge7 11. f6 Bxf6 12. Nd6+ Kf8 13. Bh6+ Bg7 14. Qd2 Nf5 15. Nxf5 Bxf5 16. Rd1 Qxb2 17. O-O Qxc2 18. Bxg7+ Kxg7 19. Nxd4 Qxd2 20. Nxf5+ gxf5 21. Rxd2 Ne7 22. Bd3 Rac8 23. Rdf2 Rc3 24. Bxf5 Rf8 25. Be6 f6 26. Rd2 Rc5 27. Rf4 Ng6 28. Rb4 b6 29. Rxd5 Rxd5 30. Bxd5 Rd8 31. Bb3 Rd2 32. Rc4 a5 33. Rc7+ Kh6 34.
Bg8 Nf8 35. Rf7 Rd8 36. Rb7 Rd6 37. Bb3 Ng6 38. g3 Ne5 39. h4 Kh5 40. Kg2 Rd2+ 41.
Kh3 Nf3 42. Rxh7+ Kg6 43. Re7 Rh2+ 44. Kg4 Ne5+ 45. Kf4 Rf2+ 46. Ke4 Re2+ 47. Kd5 Rd2+ 48. Ke6 Ng4 49. Rb7 Re2+ 50. Kd6 Rd2+ 51. Ke7 Re2+ 52.
Kf8 Nh6 53. Rg7+ Kh5 54. Bf7+ Nxf7 55. Kxf7 Rf2 56. a4 Rf3 57. Rg6 f5 58. Rg5+ Kh6 59.
Kf6 Ra3 60. Rg8 Kh7 61. Rg7+ Kh6 62. Rg6+ Kh7 63. Rg5 Rxa4 64. Rh5+ Kg8 65. Kxf5 Rc4 66. Kf6 Rc6+ 67. Ke7 Rc7+ 68. Ke6 Rc6+ 69. Ke7 Rc3 70. Rg5+ Kh7 71. h5 Kh6 72. Kf6 Rc6+ 73. Kf5 Rc5+ 74.
Kf4 Rxg5 75. g4 0-1